 Dungeon Crawl Stone Soup version 0.23.1 (webtiles) character file.

Game seed: 6210472195318530148

217 Revguard the Ruffian (level 5, -2/52 HPs)
             Began as a Troll Monk on Mar 7, 2019.
             Killed by nerve-wracking pain
             ... invoked by Grinder
              (14 damage)
             ... while paralysed by Grinder
             ... on level 3 of the Dungeon.
             The game lasted 00:04:50 (1242 turns).

Revguard the Ruffian (Troll Monk)                   Turns: 1242, Time: 00:04:50

Health: -2/52      AC:  6    Str: 19    XL:     5   Next: 61%
Magic:  4/4        EV:  1    Int:  6    God:
Gold:   60         SH:  0    Dex: 13    Spells: 4/4 levels left

rFire    . . .     SeeInvis .     - Unarmed
rCold    . . .     Gourm    +   (no shield)
rNeg     . . .     Faith    .   a - +0 robe
rPois    .         Spirit   .   (helmet restricted)
rElec    .         Reflect  .   (no cloak)
rCorr    .         Harm     .   (gloves unavailable)
MR       .....                  (boots unavailable)
Stlth    ++........             (no amulet)
HPRegen  0.57/turn              (no ring)
MPRegen  0.09/turn              (no ring)

@: paralysed
A: large, unfitting armour, claws 3, fast metabolism 3, gourmand, regeneration
1, shaggy fur 1, tough skin 3
a: no special abilities


You were on level 3 of the Dungeon.
You were very full.

You visited 1 branch of the dungeon, and saw 3 of its levels.

You collected 60 gold pieces.

Inventory:

Armour
 a - a +0 robe (worn)
Scrolls
 c - a scroll of teleportation {unknown}
 d - a scroll of amnesia {unknown}
 e - a scroll of remove curse {unknown}
 f - 3 scrolls of identify {unknown}
 g - a scroll of enchant weapon {unknown}
 h - a scroll of immolation {unknown}
Comestibles
 b - 7 rations


   Skills:
 + Level 2.9 Fighting
 * Level 1.4 Throwing
 * Level 1.7 Armour
 + Level 3.2 Dodging
 - Level 1.0 Stealth
 + Level 4.4 Unarmed Combat


You had 4 spell levels left.
You didn't know any spells.
Your spell library was empty.

Dungeon Overview and Level Annotations

Branches:
Dungeon (3/15)

Altars:
Vehumet

Annotations:
D:3 Grinder


Innate Abilities, Weirdness & Mutations

You are too large for most types of armour.
You have claws for hands.
Your metabolism is lightning-fast.
You like to eat raw meat.
Your natural rate of healing is unusually fast.
You are covered in fur. (AC +1)
You have extremely tough skin. (AC +3)


Message History

You closely miss Grinder.
Grinder is lightly wounded.
Grinder hits you!
You writhe in agony.
You scratch Grinder.
Grinder is lightly wounded.
You scratch Grinder.
Grinder is moderately wounded.
Grinder hits you but does no damage.
You scratch Grinder. You claw Grinder, but do no damage.
Grinder is moderately wounded.
Grinder gestures at you.
You suddenly lose the ability to move!
Grinder says, "DUCK!"
Grinder hits you!
* * * LOW HITPOINT WARNING * * *
You writhe in agony.
* * * LOW HITPOINT WARNING * * *
Grinder gestures at you. Pain shoots through your body!
You die...

.............#
.....#.......###.....$.##
.............##.........#
....##......)##.........#
.............##.........#
.............##..........
.........................
..........÷...<..........
.........≈.≈.)..@5......#
###.##....≈..............
......≈.≈≈..##.........(.
..#.###.....!........>...
#...# ##.................
##..# #....#.......#....
#..# #....#.......#....
#..# ....####...### ..#
.(.. #..


You could see Grinder.

Vanquished Creatures
  Sigmund (D:3)
  An adder (D:2)
  3 leopard geckos
  3 ball pythons
  3 bats
  10 goblins
  3 hobgoblins
  3 jackals (D:1)
  9 kobolds
  2 frilled lizards (D:1)
  3 rats
41 creatures vanquished.

Notes
Turn   | Place    | Note
-------+----------+-------------------------------------------
     0 | D:1      | Revguard the Troll Monk began the quest for the Orb.
     0 | D:1      | Reached XP level 1. HP: 22/22 MP: 0/0
   195 | D:1      | Reached XP level 2. HP: 29/29 MP: 1/1
   723 | D:2      | Reached XP level 3. HP: 18/36 MP: 2/2
   761 | D:2      | Found a radiant altar of Vehumet.
   845 | D:2      | Reached skill level 1 in Armour
  1160 | D:3      | Noticed Sigmund
  1176 | D:3      | Killed Sigmund
  1176 | D:3      | Reached skill level 1 in Throwing
  1176 | D:3      | Reached skill level 4 in Unarmed Combat
  1176 | D:3      | Reached XP level 4. HP: 31/44 MP: 3/3
  1176 | D:3      | Reached XP level 5. HP: 37/52 MP: 4/4
  1223 | D:3      | Noticed Grinder
  1240 | D:3      | Paralysed by Grinder for 6 turns
  1242 | D:3      | Killed from afar by Grinder

Skill      XL: |  1  2  3 |
---------------+----------+-----
Armour         | 1 |  1.7
Throwing       | 1 |  1.4
Dodging        | 3 |  3.2
Unarmed Combat | 4 |  4.4
Fighting       | |  2.9
Stealth        | |  1.0

Action                   |  1- 3 |  4- 6 || total
-------------------------+-------+-------++-------
Melee: Unarmed           |   108 |    13 ||   121
       Punch             |       |     1 ||     1
  Use: Potion            |     4 |       ||     4
 Stab: Sleeping          |     1 |       ||     1
  Eat: Chunk             |    14 |     1 ||    15
Armor: Robe              |    56 |     2 ||    58
Dodge: Dodged            |    70 |     9 ||    79
